AoeStats
← ciullobit

Arabia

509342750Analyzed
1v1 RM · 7d ago on Sep 26, 2026· 23m 15s· 2 players
Game mode
Random Map
Map size
Tiny (2 player)
Population
200
Speed
Normal
Resources
Standard
Victory
Conquest
Starting age
Dark Age
Ending age
Imperial Age
RankedLock teamsTeams togetherTeam positionsShared explorationLock speedFull tech treeHidden civsTurbo modeCheats
Victory
Defeat
🇮🇹 Sicilians · Italy
514
+20
🇬🇧 Berbers · United Kingdom
603
-20
ciullobit
6:37 Loom
10:53 Feudal Age
11:28 Double-Bit Axe
11:26 Horse Collar
15:40 Town Watch
17:43 Gold Mining
18:38 Forging
18:30 Stone Mining
22:00 Scale Mail Armor
Bridzz_23
10:20 Loom
12:06 Feudal Age
13:10 Double-Bit Axe
13:09 Horse Collar
23:52 Castle Age
Connection lost

Rejoining the realm…

Still unreachable

The connection could not be restored.

Session expired

The server has moved on; the page needs a fresh start.